 Dungeon Crawl Stone Soup version 0.18.1-5-g4a78601 (console) character file.

1410 MenacingMecha the Spear-Bearer (level 8, -3/68 HPs)
             Began as a Merfolk Gladiator on May 12, 2016.
             Was an Initiate of Ru.
             Slain by an orc warrior
             ... wielding a +0 long sword
              (24 damage)
             ... on level 5 of the Dungeon.
             The game lasted 00:29:50 (6086 turns).

MenacingMecha the Spear-Bearer (Merfolk Gladiator)  Turns: 6086, Time: 00:29:50

Health: -3/68      AC:  7    Str: 16    XL:     8   Next: 70%
Magic:  8/8        EV: 14    Int:  7    God:    Ru [......]
Gold:   313        SH:  0    Dex: 16    Spells: 0 memorised, 7 levels left

rFire  . . .     SeeInvis +     a - +0 trident
rCold  . . .     Gourm    .     y - +0 ring mail (curse)
rNeg   . . .     Faith    .     (no shield)
rPois  .         Spirit   .     i - +0 helmet {SInv}
rElec  .         Dismiss  .     (no cloak)
rCorr  .         Reflect  .     t - +0 pair of gloves (curse)
SustAt .         Harm     .     (no boots)
MR     .....                    (no amulet)
Stlth  +.........               (no ring)
                                (no ring)

@: not resistant to hostile enchantments, very unstealthy
A: change form in water, swift swim
a: Renounce Religion


You were on level 5 of the Dungeon.
You worshipped Ru.
Ru was noncommittal.
You were not hungry.

You visited 2 branches of the dungeon, and saw 7 of its levels.

You collected 313 gold pieces.

Inventory:

Hand Weapons
 a - a +0 trident (weapon)
Missiles
 d - 2 throwing nets (quivered)
 o - 4 javelins
 v - 4 tomahawks
Armour
 i - a +0 helmet of see invisible (worn)
 t - a cursed +0 pair of gloves (worn)
 y - a cursed +0 ring mail (worn)
 C - a +0 leather armour of fire resistance
Wands
 w - a wand of teleportation (2/9)
Scrolls
 b - 7 scrolls of identify {unknown}
 c - a scroll of enchant weapon {unknown}
 e - 4 scrolls of remove curse {unknown}
 g - 3 scrolls of enchant armour {unknown}
 h - 3 scrolls of teleportation {unknown}
 l - 2 scrolls of amnesia {unknown}
 r - a scroll of recharging {unknown}
 s - 3 scrolls of fear {unknown}
 u - a scroll of immolation {unknown}
 A - a scroll of magic mapping {unknown}
Potions
 k - a potion of agility {unknown}
 p - 2 potions of brilliance {unknown}
 q - 2 potions of curing {unknown}
Comestibles
 f - 7 bread rations
 j - 3 meat rations
 m - a royal jelly
 n - 2 slices of pizza
 x - 2 fruits
 z - a beef jerky
 B - 8 chunks of flesh


   Skills:
 - Level 8.0 Fighting
 + Level 10.6 Polearms
 - Level 2.0 Throwing
 - Level 6.0 Dodging


You had 7 spell levels left.
You didn't know any spells.

Dungeon Overview and Level Annotations

Branches:
Dungeon (6/15)             Temple (1/1) D:5

Altars:
Ashenzari
Cheibriados
Dithmenos
Fedhas
Makhleb
Okawaru
Pakellas
Ru
Trog
Vehumet
Xom
Yredelemnul
Zin
The Shining One

Annotations:
D:4 Nattefrost's ghost, amateur NaBe


Message History

You closely miss the orc warrior.
The orc warrior is moderately wounded.
The orc warrior misses you.
You hit the orc warrior but do no damage.
The orc warrior is moderately wounded.
You barely miss the orc warrior.
The orc warrior is moderately wounded.
The orc warrior barely misses you.
You hit the orc warrior but do no damage.
The orc warrior is moderately wounded.
The orc warrior hits you with a long sword!!
You hit the orc warrior.
The orc warrior is heavily wounded.
You hit the orc warrior.
The orc warrior is heavily wounded.
The orc warrior hits you with a long sword!
You hit the orc warrior but do no damage.
The orc warrior is heavily wounded.
The orc warrior hits you with a long sword!!
You die...

# #.# ##.# #.# #.#
# #.# #.## #.# #.#
#
#.####..###.####.#
#
#...#............#
#
###.#.#.###.######
# #.#.#..##.# #
#.#.##.##.# #
#.#.##.##.# #
#.#.##..#@# #
#.#.###.#o#
#.#.......##
#..........#
#........>.#
#.......รท..#
#..........#
#..........#
#..#.8.#...#


You could see an orc warrior.

Vanquished Creatures
  A phantom (D:4)
  An ogre (D:5)
  A centaur (D:5)
  A giant frog (D:6)
  5 scorpions
  A howler monkey (D:4)
  A crimson imp (D:5)
  2 jellies (D:5)
  3 hounds
  2 orc priests
  4 orc wizards
  Jessica (D:2)
  2 iguanas
  Ijyb (D:4)
  A worker ant (D:5)
  A worker ant zombie (D:5)
  6 gnolls
  10 adders
  2 adder skeletons
  4 worms
  4 dart slugs
  3 giant geckos
  20 orcs
  3 ball pythons
  3 giant cockroaches
  11 goblins
  9 hobgoblins
  9 jackals
  2 quokkas (D:2)
  4 bats
  7 giant newts
  3 kobolds
  A quokka skeleton (D:4)
129 creatures vanquished.

Vanquished Creatures (others)
  An orc wizard (D:5)
1 creature vanquished.

Grand Total: 130 creatures vanquished

Notes
Turn   | Place    | Note
--------------------------------------------------------------
     0 | D:1      | MenacingMecha the Merfolk Gladiator began the quest for the Orb.
     0 | D:1      | Reached XP level 1. HP: 16/16 MP: 1/1
   187 | D:1      | Reached skill level 5 in Polearms
   191 | D:1      | Reached XP level 2. HP: 20/22 MP: 2/2
   442 | D:2      | Noticed Jessica
   448 | D:2      | Killed Jessica
   448 | D:2      | Reached skill level 6 in Polearms
   448 | D:2      | Reached XP level 3. HP: 17/27 MP: 3/3
   807 | D:2      | Found a snail-covered altar of Cheibriados.
   823 | D:2      | Reached skill level 7 in Polearms
   823 | D:2      | Reached XP level 4. HP: 23/33 MP: 4/4
  1693 | D:2      | Reached XP level 5. HP: 35/41 MP: 5/5
  2220 | D:3      | Reached skill level 5 in Dodging
  2257 | D:3      | Reached XP level 6. HP: 13/48 MP: 6/6
  2549 | D:3      | Found an iron altar of Okawaru.
  2789 | D:3      | Found a glowing golden altar of the Shining One.
  3595 | D:4      | Reached skill level 5 in Fighting
  3979 | D:4      | Noticed Ijyb
  3997 | D:4      | Killed Ijyb
  3997 | D:4      | Reached XP level 7. HP: 56/57 MP: 7/7
  4649 | D:4      | Reached XP level 8. HP: 64/68 MP: 8/8
  4795 | D:4      | Noticed Nattefrost's ghost (amateur NaBe)
  4803 | D:5      | Entered Level 5 of the Dungeon
  4930 | D:5      | Reached skill level 8 in Polearms
  5047 | D:5      | Reached skill level 9 in Polearms
  5161 | D:5      | Found a sacrificial altar of Ru.
  5185 | D:5      | Became a worshipper of Ru the Awakened
  5507 | D:5      | Found a staircase to the Ecumenical Temple.
  5516 | Temple   | Entered the Ecumenical Temple
  5741 | D:5      | Reached skill level 10 in Polearms
  6086 | D:5      | Slain by an orc warrior

Skill      XL: |  1  2  3  4  5  6  7  8 |
---------------+-------------------------+-----
Polearms       | 5 6 7 10 | 10.6
Fighting       | 3 4 5 8 |  8.0
Dodging        | 5 6 |  6.0
Throwing       | |  2.0

Action                   |  1- 3 |  4- 6 |  7- 9 || total
-------------------------+-------+-------+-------++-------
Melee: Trident           |    67 |   288 |   294 ||   649
Throw: Throwing net      |       |     1 |     1 ||     2
       Javelin           |       |       |    16 ||    16
 Stab: Distracted        |       |     1 |       ||     1
       Held in net/web   |       |       |     2 ||     2
  Eat: Chunk             |       |    10 |     7 ||    17
Armor: Leather armour    |     3 |       |       ||     3
       Ring mail         |     9 |    83 |    55 ||   147
Dodge: Dodged            |    32 |   198 |   158 ||   388
